[Event "ICC tourney 2825 (30 10)"]
[Site "Internet Chess Club"]
[Date "2022.02.12"]
[Round "1"]
[White "ASHOK, AMUDHAN:amudhanashok"]
[Black "PADIYAR, SUNMAY:sunmay12"]
[Result "0-1"]
[ICCResult "White checkmated"]
[WhiteElo "963"]
[BlackElo "1320"]
[Opening "Giuoco Piano"]
[ECO "C54"]
[NIC "IG.02"]
[Time "12:07:03"]
[PlyCount "54"]
[TimeControl "1800+10"]

1. e4 e5 2. Nf3 Nc6 3. Bc4 Bc5 4. c3 Nf6 5. d3 h6 6. O-O d6 7. Nbd2 Bg4 8.
h3 Bh5 9. Bb3 O-O 10. Re1 a5 11. Nf1 Re8 12. Ng3 Bg6 13. Nh4 Bh7 14. Qf3 a4
15. Bc2 Nd7 16. b3 Qxh4 17. bxa4 Re6 18. Rf1 Rf6 19. Qe2 Bb6 20. Nh5 Rg6 21.
Qf3 Nf6 22. Nxf6+ Rxf6 23. Qg3 Qxg3 24. a5 Bxf2+ 25. Rxf2 Qxf2+ 26. Kh1 Rg6
27. Be3 Qxg2# {White checkmated} 0-1

[Event "ICC tourney 2825 (30 10)"]
[Site "Internet Chess Club"]
[Date "2022.02.12"]
[Round "1"]
[White "ZHOU, ALEXANDER ZHENG:Lailaiking"]
[Black "MADSEN, STUART:gmstuartscott"]
[Result "1-0"]
[ICCResult "Black resigns"]
[WhiteElo "1109"]
[BlackElo "717"]
[Opening "King's pawn game"]
[ECO "C50"]
[NIC "IG.03"]
[Time "12:07:03"]
[PlyCount "69"]
[TimeControl "1800+10"]

1. e4 e5 2. Nf3 Nc6 3. Bc4 h6 4. d3 Be7 5. Be3 Nf6 6. Nc3 d6 7. Nd5 O-O 8.
O-O Be6 9. Nxf6+ Bxf6 10. Bb3 Bg4 11. h3 Bxh3 12. gxh3 Qd7 13. Kg2 Ne7 14.
Rh1 Ng6 15. c3 Nh4+ 16. Nxh4 Bxh4 17. Qg4 Qe7 18. Bxh6 Bf6 19. h4 Rfe8 20.
Bg5 c6 21. Bxf6 Qxf6 22. Qg5 d5 23. Qxf6 gxf6 24. exd5 c5 25. Rae1 Rad8 26.
Rhf1 Kh7 27. Re2 Rg8+ 28. Kh3 Kh6 29. Re3 Rg7 30. Rg3 Rdg8 31. Rfg1 Rxg3+
32. Rxg3 Rg6 33. d6 f5 34. Rxg6+ fxg6 35. d7 {Black resigns} 1-0

[Event "ICC tourney 2825 (30 10)"]
[Site "Internet Chess Club"]
[Date "2022.02.12"]
[Round "1"]
[White "SUNDARAM, KAVIN:weirdchicken"]
[Black "HAMLETT, JAMES MORRISON:Hamlett144"]
[Result "0-1"]
[ICCResult "White resigns"]
[WhiteElo "882"]
[BlackElo "1232"]
[Opening "Owen defense"]
[ECO "B00"]
[NIC "VO.01"]
[Time "12:06:52"]
[PlyCount "46"]
[TimeControl "1800+10"]

1. e4 b6 2. d4 Bb7 3. Nc3 e6 4. Bf4 Bb4 5. d5 exd5 6. exd5 Bxc3+ 7. bxc3
Qe7+ 8. Be2 d6 9. Nf3 Nd7 10. O-O Ngf6 11. Re1 O-O 12. Bd3 Qd8 13. c4 Nc5
14. Bg5 h6 15. Bh4 Bc8 16. Nd4 Bd7 17. Qf3 Nxd3 18. cxd3 g5 19. Bg3 Bg4 20.
Qe3 Re8 21. Qd2 Bd7 22. h3 Nh7 23. Qxg5+ hxg5 {White resigns} 0-1

[Event "ICC tourney 2825 (30 10)"]
[Site "Internet Chess Club"]
[Date "2022.02.12"]
[Round "1"]
[White "RAVAL, MEET:K09-30125723"]
[Black "COLLIER, ZANE:K06-30119849"]
[Result "1-0"]
[ICCResult "Black checkmated"]
[WhiteElo "1197"]
[BlackElo "871"]
[Opening "Catalan opening"]
[ECO "E00"]
[NIC "CA.01"]
[Time "12:07:37"]
[PlyCount "55"]
[TimeControl "1800+10"]

1. d4 Nf6 2. c4 e6 3. g3 d5 4. cxd5 exd5 5. Bg2 c6 6. Nf3 Bb4+ 7. Bd2 Bd6 8.
O-O O-O 9. Nc3 Re8 10. e3 Be6 11. Qb3 Qd7 12. Rac1 b5 13. Ne5 Bxe5 14. dxe5
Ng4 15. Ne2 Nxe5 16. Nd4 Bh3 17. Qc3 Bxg2 18. Kxg2 Nc4 19. b3 Nxd2 20. Qxd2
Na6 21. Rxc6 Nc7 22. Rfc1 Rac8 23. Qa5 Ne6 24. Rxc8 Rxc8 25. Rxc8+ Qxc8 26.
Nxe6 Qxe6 27. Qd8+ Qe8 28. Qxe8# {Black checkmated} 1-0

[Event "ICC tourney 2825 (30 10)"]
[Site "Internet Chess Club"]
[Date "2022.02.12"]
[Round "1"]
[White "Pe, Joe Mari:jmpe"]
[Black "Bharathy Mohan, Aarav Sai:aaravbm"]
[Result "1-0"]
[ICCResult "Black checkmated"]
[WhiteElo "1291"]
[BlackElo "920"]
[Opening "English: Sicilian reversed"]
[ECO "A25"]
[NIC "EO.23"]
[Time "12:06:47"]
[PlyCount "123"]
[TimeControl "1800+10"]

1. c4 e5 2. Nc3 Nc6 3. d3 Nf6 4. g3 Bc5 5. Bg2 Ng4 6. Ne4 Bb6 7. c5 Ba5+ 8.
Bd2 Bxd2+ 9. Qxd2 d6 10. Nf3 b6 11. cxd6 cxd6 12. O-O Bb7 13. Rac1 Qd7 14.
h3 Nh6 15. Qxh6 gxh6 16. Nf6+ Ke7 17. Nxd7 Kxd7 18. Nh4 Rab8 19. Nf5 f6 20.
Nxh6 Nd4 21. Rfe1 Ba6 22. e3 Ne6 23. Bc6+ Ke7 24. Nf5+ Kf8 25. Nxd6 Bxd3 26.
Be4 Bxe4 27. Nxe4 Ke7 28. b4 Rhg8 29. Rc6 h5 30. Rd1 Rbd8 31. Rdd6 Rxd6 32.
Nxd6 Kd7 33. b5 Nc7 34. a4 a6 35. Rxb6 axb5 36. Nxb5 Nxb5 37. axb5 h4 38.
Kg2 hxg3 39. fxg3 f5 40. Rf6 f4 41. exf4 exf4 42. Rxf4 Rb8 43. Rb4 Kd6 44.
b6 Kc6 45. b7 Rxb7 46. Rxb7 Kxb7 47. Kf3 Kc7 48. Kf4 Kd7 49. Kf5 Ke7 50. Kg6
Kf8 51. Kh7 Kf7 52. h4 Kf6 53. h5 Kf7 54. g4 Kf6 55. Kh6 Kf7 56. g5 Kg8 57.
Kg6 Kh8 58. Kf7 Kh7 59. g6+ Kh8 60. g7+ Kh7 61. g8=Q+ Kh6 62. Qg6#
{Black checkmated}
1-0

[Event "ICC tourney 2825 (30 10)"]
[Site "Internet Chess Club"]
[Date "2022.02.12"]
[Round "1"]
[White "WESLEY, GEORGE:Maglars"]
[Black "QIAO, RICHARDSON JINGSI:Richardsonqiao"]
[Result "1-0"]
[ICCResult "Black checkmated"]
[WhiteElo "1026"]
[BlackElo "400"]
[Opening "Queen's pawn game, Darooha variation "]
[ECO "D02"]
[NIC "QP.08"]
[Time "12:06:52"]
[PlyCount "125"]
[TimeControl "1800+10"]

1. d4 d5 2. Nf3 Nf6 3. Nc3 Nc6 4. Bf4 Bf5 5. e3 a6 6. Be2 e6 7. O-O Bd6 8.
Bxd6 Qxd6 9. Re1 Nb4 10. Bd3 Nxd3 11. cxd3 O-O 12. e4 dxe4 13. dxe4 Nxe4 14.
Nxe4 Qc6 15. Nc3 Rad8 16. Nh4 Bg6 17. Nxg6 hxg6 18. Qg4 Rd6 19. Re3 Qd7 20.
Rd1 Rd8 21. Red3 c5 22. d5 exd5 23. Qxd7 R8xd7 24. Rxd5 Rxd5 25. Nxd5 Kf8
26. h3 f5 27. Kf1 Kf7 28. Ke2 g5 29. Nb6 Re7+ 30. Kd2 Re6 31. Nc4 b5 32. Ne3
f4 33. Ng4 Rd6+ 34. Kc1 Rxd1+ 35. Kxd1 Ke6 36. Kc2 Kd5 37. b3 a5 38. Kc3 b4+
39. Kd3 g6 40. Nf6+ Kc6 41. Ne4 g4 42. hxg4 Kd5 43. Nd2 g5 44. Nf3 Kc6 45.
Kc4 Kd6 46. Kb5 a4 47. bxa4 Kd5 48. a5 c4 49. Kxb4 Kc6 50. Kxc4 Kb7 51. Kb5
Ka7 52. Nxg5 Kb7 53. Ne6 Ka8 54. g5 Kb8 55. g6 Kc8 56. g7 Kd7 57. g8=Q Ke7
58. Qg6 Kd7 59. Nd4 Kc7 60. Nb3 Kb7 61. a6+ Ka7 62. Qb6+ Ka8 63. Qb7#
{Black checkmated}
1-0

[Event "ICC tourney 2825 (30 10)"]
[Site "Internet Chess Club"]
[Date "2022.02.12"]
[Round "1"]
[White "Maradana, Harsha:K05-30024511"]
[Black "HELLER, JACK G:Maximusiv"]
[Result "0-1"]
[ICCResult "White checkmated"]
[WhiteElo "395"]
[BlackElo "1005"]
[Opening "Scandinavian defense"]
[ECO "B01"]
[NIC "SD.03"]
[Time "12:07:22"]
[PlyCount "122"]
[TimeControl "1800+10"]

1. e4 d5 2. exd5 Nf6 3. Nc3 Bg4 4. Nf3 Nxd5 5. Nxd5 Qxd5 6. Be2 Nc6 7. h3
Bf5 8. O-O O-O-O 9. c4 Qd6 10. Nh4 Bg6 11. Bg4+ e6 12. d3 Be7 13. Nxg6 hxg6
14. Bf3 Nd4 15. b3 Nxf3+ 16. Qxf3 Bf6 17. Rb1 Qxd3 18. Qxd3 Rxd3 19. Bf4 e5
20. Be3 Kb8 21. Rfd1 Rhd8 22. Rxd3 Rxd3 23. Rb2 e4 24. Rd2 Rxd2 25. Bxd2 Bd4
26. Kf1 f5 27. Ke2 Kc8 28. f3 exf3+ 29. gxf3 Kd7 30. Kd3 c5 31. b4 b6 32.
bxc5 Bxc5 33. Bf4 Ke6 34. Kc3 Bd6 35. Bxd6 Kxd6 36. Kd3 Kc5 37. Kc3 g5 38.
Kd3 a6 39. Kc3 b5 40. cxb5 axb5 41. a3 g6 42. Kd3 g4 43. hxg4 fxg4 44. fxg4
b4 45. axb4+ Kxb4 46. Ke4 Kc5 47. g5 Kd6 48. Kf4 Ke6 49. Kg4 Ke5 50. Kh4 Kf5
51. Kg3 Kxg5 52. Kh3 Kf4 53. Kh4 g5+ 54. Kh3 Kf3 55. Kh2 g4 56. Kg1 Kg3 57.
Kh1 Kf2 58. Kh2 g3+ 59. Kh1 g2+ 60. Kh2 g1=Q+ 61. Kh3 Qg3# {White
checkmated} 0-1

[Event "ICC tourney 2825 (30 10)"]
[Site "Internet Chess Club"]
[Date "2022.02.12"]
[Round "1"]
[White "Joshi, Shriya:shriyaclear"]
[Black "SREEKUMAR MALIEKAL, BALAKRISHNAN:mindgame1234"]
[Result "0-1"]
[ICCResult "White resigns"]
[WhiteElo "848"]
[BlackElo "1109"]
[Opening "Sicilian defense"]
[ECO "B20"]
[NIC "SI.48"]
[Time "12:06:59"]
[PlyCount "62"]
[TimeControl "1800+10"]

1. e4 c5 2. d3 d6 3. Be2 Nf6 4. Nd2 g6 5. Ngf3 Bg7 6. O-O O-O 7. d4 b6 8.
Nb3 Nxe4 9. dxc5 dxc5 10. Ng5 Bb7 11. f3 Nd6 12. Qd3 c4 13. Qe3 Nf5 14. Qf4
cxb3 15. axb3 Qd4+ 16. Rf2 Qxf4 17. Bxf4 Bxb2 18. Ra4 Bd4 19. Rxd4 Nxd4 20.
Bc4 e6 21. Be5 Nbc6 22. Bd6 Rfd8 23. Be7 Nxe7 24. Ne4 Kg7 25. g4 Rac8 26.
Nd2 Nxc2 27. h4 Ne3 28. h5 N7d5 29. hxg6 hxg6 30. f4 Nxg4 31. Ne4 Nxf2
{White resigns}
0-1

[Event "ICC tourney 2825 (30 10)"]
[Site "Internet Chess Club"]
[Date "2022.02.12"]
[Round "1"]
[White "Rice, Christopher:CAlanR"]
[Black "Agahian, Ryan:AgahianR"]
[Result "0-1"]
[ICCResult "White checkmated"]
[WhiteElo "712"]
[BlackElo "1046"]
[Opening "Sicilian"]
[ECO "B50"]
[NIC "SI.01"]
[Time "12:06:48"]
[PlyCount "72"]
[TimeControl "1800+10"]

1. e4 c5 2. Nf3 d6 3. Nc3 Nf6 4. d3 g6 5. Bg5 Bg7 6. Be2 Nbd7 7. d4 cxd4 8.
Nxd4 O-O 9. O-O a6 10. Bc4 Qb6 11. Nd5 Nxd5 12. Bxd5 Qxd4 13. Qxd4 Bxd4 14.
Rab1 e6 15. Bc4 b5 16. Be2 Bf6 17. Bh6 Bg7 18. Bf4 Be5 19. Bh6 Re8 20. Rfd1
Bb7 21. f3 Nc5 22. b4 Na4 23. Rdc1 Nc3 24. Rb3 Nxe2+ 25. Kf1 Nxc1 26. Ra3 d5
27. Bxc1 dxe4 28. fxe4 Red8 29. Re3 Rd1+ 30. Ke2 Rxc1 31. Kd2 Rg1 32. g3
Rd8+ 33. Ke2 Rg2+ 34. Kf3 Rdd2 35. a3 h5 36. h4 Rxg3# {White checkmated} 0-1

[Event "ICC tourney 2825 (30 10)"]
[Site "Internet Chess Club"]
[Date "2022.02.12"]
[Round "1"]
[White "Francis-Emonds, Nico Maximilian:nemonds9"]
[Black "Hiriyur Chethan, Nischith:NischithHC"]
[Result "1/2-1/2"]
[ICCResult "Game drawn by mutual agreement"]
[WhiteElo "1372"]
[BlackElo "968"]
[Opening "Queen's pawn game"]
[ECO "A45"]
[NIC "QP.07"]
[Time "12:06:49"]
[PlyCount "174"]
[TimeControl "1800+10"]

1. d4 Nf6 2. g3 d5 3. Bg2 c5 4. c3 Bf5 5. e3 e6 6. Ne2 Nc6 7. b3 Bd6 8. Bb2
O-O 9. Nd2 Qb6 10. O-O Rfe8 11. c4 cxd4 12. Nxd4 Be7 13. Rc1 Rac8 14. cxd5
Nxd4 15. Bxd4 Qa6 16. dxe6 Bxe6 17. Ra1 Red8 18. Re1 Bc5 19. Bxf6 gxf6 20.
Qe2 Qxe2 21. Rxe2 Bb4 22. Nf3 Rc7 23. Nd4 Bg4 24. f3 Be6 25. h3 Bc3 26. Rc1
Rdc8 27. Nxe6 fxe6 28. Rec2 Ba5 29. Rxc7 Rxc7 30. Rxc7 Bxc7 31. f4 b6 32.
Kf2 Kf7 33. e4 Bb8 34. Ke3 e5 35. Bf1 exf4+ 36. gxf4 h6 37. Kf3 Kg7 38. Kg4
Kg6 39. Bd3 Kg7 40. Kf5 Bc7 41. Bc4 Bd6 42. e5 fxe5 43. fxe5 Be7 44. Ke6 Kf8
45. Kf5 Ke8 46. Ke6 a5 47. Bb5+ Kd8 48. Kf7 Bg5 49. e6 Be7 50. Bd7 Bg5 51.
Kg6 Ke7 52. Kf5 Bc1 53. h4 Bd2 54. Ke5 Be3 55. Kd5 Bc5 56. Kc4 Bb4 57. Kb5
Bc5 58. Ka4 Bd6 59. a3 Bc7 60. Kb5 Kd6 61. Ka6 Ke7 62. Kb7 Bd8 63. Kc8 h5
64. a4 b5 65. Bxb5 Bb6 66. Be2 Kxe6 67. Kb7 Bc5 68. Ka6 Bb4 69. Bxh5 Kf6 70.
Be2 Kg6 71. Kb5 Kh6 72. h5 Kg5 73. Kc6 Kh6 74. Kd5 Kh7 75. Ke6 Kh6 76. Kf5
Kh7 77. Kg5 Kg7 78. h6+ Kh7 79. Bd3+ Kh8 80. Kg6 Kg8 81. Kf6 Kh8 82. Kf7 Bc3
83. h7 Bb4 84. Ke6 Bc3 85. Kd5 Bb4 86. Kc4 Be1 87. Kb5 Bb4
{Game drawn by mutual agreement}
1/2-1/2

[Event "ICC tourney 2825 (30 10)"]
[Site "Internet Chess Club"]
[Date "2022.02.12"]
[Round "2"]
[White "Hiriyur Chethan, Nischith:NischithHC"]
[Black "ASHOK, AMUDHAN:amudhanashok"]
[Result "0-1"]
[ICCResult "White checkmated"]
[WhiteElo "968"]
[BlackElo "963"]
[Opening "Giuoco Pianissimo: Italian four knights variation"]
[ECO "C50"]
[NIC "IG.02"]
[Time "14:00:26"]
[PlyCount "100"]
[TimeControl "1800+10"]

1. e4 e5 2. Nf3 Nc6 3. Bc4 Bc5 4. Nc3 Nf6 5. d3 h6 6. Be3 Bb6 7. Qd2 d6 8.
O-O-O O-O 9. h3 Be6 10. g4 Re8 11. g5 hxg5 12. Bxg5 Nd4 13. Nxd4 Bxd4 14.
Nd5 Bxd5 15. Bxd5 c6 16. Bb3 d5 17. exd5 cxd5 18. Rdg1 Qd6 19. Bxf6 Qxf6 20.
Qg5 Qxg5+ 21. Rxg5 Bxf2 22. Bxd5 Be3+ 23. Kd1 Bxg5 24. Rg1 Bf6 25. Rg4 Rad8
26. Bc4 Rd4 27. Rxd4 exd4 28. Bd5 Re3 29. Bxb7 Rxh3 30. Ba6 g5 31. Bb7 g4
32. Ke1 g3 33. Kd1 Rh2 34. Bc6 g2 35. Bxg2 Rxg2 36. Kc1 Re2 37. Kd1 Re8 38.
Kd2 Bg5+ 39. Kd1 f5 40. c3 dxc3 41. bxc3 f4 42. c4 f3 43. c5 f2 44. c6 f1=Q+
45. Kc2 Qc1+ 46. Kb3 Qxc6 47. a4 Rb8+ 48. Ka3 Qc3+ 49. Ka2 Rb2+ 50. Ka1 Qa3#
{White checkmated}
0-1

[Event "ICC tourney 2825 (30 10)"]
[Site "Internet Chess Club"]
[Date "2022.02.12"]
[Round "2"]
[White "COLLIER, ZANE:K06-30119849"]
[Black "Maradana, Harsha:K05-30024511"]
[Result "1-0"]
[ICCResult "Black checkmated"]
[WhiteElo "871"]
[BlackElo "395"]
[Opening "QGA: 3.e4"]
[ECO "D20"]
[NIC "QG.04"]
[Time "14:01:11"]
[PlyCount "147"]
[TimeControl "1800+10"]

1. d4 d5 2. c4 dxc4 3. e4 Nf6 4. Nc3 Nc6 5. d5 Ne5 6. Nf3 Bg4 7. Be2 Nxf3+
8. Bxf3 Bxf3 9. Qxf3 e6 10. Bg5 h6 11. Bxf6 Qxf6 12. Qxf6 gxf6 13. O-O exd5
14. Nxd5 O-O-O 15. Nxf6 Bg7 16. e5 Bxf6 17. exf6 Rd6 18. Rac1 Rxf6 19. Rxc4
h5 20. h3 Rc6 21. Rxc6 bxc6 22. Rc1 Rh6 23. Kh2 Kd7 24. Rc4 Rd6 25. Rc2 Ke6
26. Kg3 Kf5 27. f3 Rg6+ 28. Kh2 Kf4 29. Rc4+ Ke3 30. Kg1 f5 31. Rc5 Kf4 32.
Kf2 Rd6 33. Rc4+ Kg5 34. Rc2 c5 35. a3 Rd3 36. Rxc5 Rd2+ 37. Kg1 Kf4 38. Kh2
Rxb2 39. Rxc7 a5 40. Rc5 a4 41. Rc4+ Ke3 42. Rxa4 Kf2 43. Rd4 Re2 44. Rd5
Kf1 45. Kg3 Rxg2+ 46. Kf4 Rf2 47. Rxf5 h4 48. Kg4 Rg2+ 49. Kxh4 Rc2 50. Kg5
Kg2 51. h4 Rc3 52. a4 Ra3 53. a5 Kg3 54. h5 Rb3 55. h6 Rb8 56. Kg6 Rg8+ 57.
Kh7 Rd8 58. Kg7 Rd7+ 59. Rf7 Rd8 60. h7 Kf2 61. h8=Q Rxh8 62. Kxh8 Ke3 63.
a6 Kd4 64. a7 Kc5 65. a8=Q Kb6 66. Rb7+ Kc5 67. Qc8+ Kd4 68. Rd7+ Ke3 69.
Qe8+ Kf2 70. Rd2+ Kxf3 71. Rd7 Kf2 72. Rf7+ Kg2 73. Qg8+ Kh3 74. Rh7#
{Black checkmated}
1-0

[Event "ICC tourney 2825 (30 10)"]
[Site "Internet Chess Club"]
[Date "2022.02.12"]
[Round "2"]
[White "QIAO, RICHARDSON JINGSI:Richardsonqiao"]
[Black "SUNDARAM, KAVIN:weirdchicken"]
[Result "1-0"]
[ICCResult "Black checkmated"]
[WhiteElo "400"]
[BlackElo "882"]
[Opening "Queen's pawn game"]
[ECO "D02"]
[NIC "QP.09"]
[Time "14:00:18"]
[PlyCount "187"]
[TimeControl "1800+10"]

1. Nf3 d5 2. d4 Bf5 3. Nh4 Bg6 4. c4 Nf6 5. Nxg6 hxg6 6. e3 e6 7. c5 Nc6 8.
Bd2 b6 9. b4 Ne4 10. b5 Ne7 11. c6 Nf5 12. Bd3 Bd6 13. Bxe4 dxe4 14. h3 Nh4
15. g3 Nf3+ 16. Kf1 Qf6 17. Nc3 Bxg3 18. Nxe4 Nxd2+ 19. Qxd2 Qf5 20. Nxg3
Qxb5+ 21. Qe2 Qxc6 22. Rd1 O-O-O 23. Qa6+ Kb8 24. Ke2 Qc2+ 25. Rd2 Qc6 26.
Rb1 Rxh3 27. a4 Qg2 28. Kd3 e5 29. Kc2 exd4 30. exd4 Qc6+ 31. Kd1 f5 32. Qf1
Qf3+ 33. Qe2 Qc6 34. Ra1 f4 35. Nf1 Rh1 36. f3 Qc3 37. Rc1 Qb3+ 38. Rdc2
Rxd4+ 39. Ke1 Rd3 40. Qe8+ Kb7 41. Qc6+ Ka6 42. Qb5+ Qxb5 43. axb5+ Kxb5 44.
Ke2 Rd7 45. Rxc7 Rxc7 46. Rxc7 a5 47. Rxg7 Rg1 48. Kf2 Rg5 49. Nd2 a4 50.
Ne4 Rh5 51. Ke2 Kb4 52. Rxg6 b5 53. Ra6 a3 54. Kd3 Rh3 55. Nd2 Rh2 56. Ra7
Rh5 57. Ra8 Rd5+ 58. Kc2 Rc5+ 59. Kb1 Rc3 60. Ra7 Rd3 61. Kc2 Rc3+ 62. Kb1
Kc5 63. Ne4+ Kb4 64. Nxc3 Kxc3 65. Rxa3+ Kb4 66. Ra2 Kc4 67. Kc2 Kd4 68. Kd2
b4 69. Rb2 Kc4 70. Rb1 b3 71. Rb2 Kb4 72. Kc1 Kc3 73. Re2 Kd3 74. Re4 Kc3
75. Rxf4 b2+ 76. Kb1 Kb3 77. Re4 Kc3 78. Re2 Kd3 79. Rxb2 Ke3 80. Rb3+ Kf4
81. Kc2 Ke5 82. Rb4 Kf5 83. Kd3 Ke5 84. Ke3 Kf5 85. f4 Kf6 86. Rb5 Ke6 87.
Ke4 Kf6 88. f5 Kf7 89. Rb6 Ke7 90. Ke5 Kf7 91. f6 Ke8 92. Rb7 Kf8 93. Ke6
Ke8 94. Rb8# {Black checkmated} 1-0

[Event "ICC tourney 2825 (30 10)"]
[Site "Internet Chess Club"]
[Date "2022.02.12"]
[Round "2"]
[White "PADIYAR, SUNMAY:sunmay12"]
[Black "ZHOU, ALEXANDER ZHENG:Lailaiking"]
[Result "1-0"]
[ICCResult "Black checkmated"]
[WhiteElo "1320"]
[BlackElo "1109"]
[Opening "Four knights: Scotch, 4...exd4"]
[ECO "C47"]
[NIC "KP.06"]
[Time "14:00:20"]
[PlyCount "59"]
[TimeControl "1800+10"]

1. e4 e5 2. Nf3 Nc6 3. Nc3 Nf6 4. d4 exd4 5. Nxd4 Nxd4 6. Qxd4 d6 7. Bg5 Be7
8. Bc4 Be6 9. Bb5+ c6 10. Be2 O-O 11. O-O-O Qc7 12. f4 c5 13. Qf2 h6 14. Bh4
Rfd8 15. Rd3 Bc4 16. Rg3 Nxe4 17. Nxe4 Bxh4 18. Bxc4 d5 19. Rxg7+ Kxg7 20.
Qxh4 dxe4 21. Re1 Re8 22. Re3 Rad8 23. Rg3+ Kh7 24. Qf6 Rg8 25. Qf5+ Kh8 26.
Qf6+ Kh7 27. Qf5+ Rg6 28. Bxf7 Rf8 29. Qxg6+ Kh8 30. Qxh6# {Black
checkmated} 1-0

[Event "ICC tourney 2825 (30 10)"]
[Site "Internet Chess Club"]
[Date "2022.02.12"]
[Round "2"]
[White "Agahian, Ryan:AgahianR"]
[Black "Pe, Joe Mari:jmpe"]
[Result "0-1"]
[ICCResult "White checkmated"]
[WhiteElo "1046"]
[BlackElo "1291"]
[Opening "Old Benoni defense"]
[ECO "A43"]
[NIC "OI.09"]
[Time "14:00:24"]
[PlyCount "102"]
[TimeControl "1800+10"]

1. d4 c5 2. d5 d6 3. e4 g6 4. Nf3 Bg7 5. Nc3 Qb6 6. Be2 Bg4 7. h3 Bxf3 8.
Bxf3 Nd7 9. O-O Ngf6 10. Rb1 O-O 11. Bd2 a6 12. Re1 Rfe8 13. Na4 Qc7 14. c4
Ne5 15. b3 b5 16. Nb2 Rab8 17. Qe2 Nfd7 18. Bf4 Nxf3+ 19. Qxf3 Bxb2 20. Rxb2
bxc4 21. h4 cxb3 22. h5 bxa2 23. Rxa2 a5 24. hxg6 fxg6 25. Bh6 Ne5 26. Qc3
e6 27. Rxa5 exd5 28. Rea1 dxe4 29. Ra7 Rb7 30. Qb3+ Rxb3 31. Rxc7 Nf7 32.
Bf4 g5 33. Bg3 Rd3 34. Raa7 Rf8 35. Kf1 h5 36. Ke2 h4 37. Bh2 Kg7 38. f3 Rd4
39. fxe4 Rxe4+ 40. Kd3 Rd4+ 41. Ke3 Kg6 42. Rc6 g4 43. Bf4 Re8+ 44. Kf2
Rxf4+ 45. Kg1 g3 46. Ra1 Re2 47. Rb6 Rff2 48. Rba6 Rxg2+ 49. Kf1 h3 50. R6a3
Ref2+ 51. Ke1 Rg1# {White checkmated} 0-1

[Event "ICC tourney 2825 (30 10)"]
[Site "Internet Chess Club"]
[Date "2022.02.12"]
[Round "2"]
[White "Bharathy Mohan, Aarav Sai:aaravbm"]
[Black "Rice, Christopher:CAlanR"]
[Result "1-0"]
[ICCResult "Black checkmated"]
[WhiteElo "920"]
[BlackElo "712"]
[Opening "Giuoco Pianissimo: Italian four knights variation"]
[ECO "C47"]
[NIC "KP.06"]
[Time "14:00:19"]
[PlyCount "81"]
[TimeControl "1800+10"]

1. e4 e5 2. Nf3 Nc6 3. Nc3 Nf6 4. Bc4 Bc5 5. d3 d6 6. O-O O-O 7. h3 Qe7 8.
Bg5 Be6 9. Nd5 Bxd5 10. Bxd5 Rab8 11. Rb1 Nd4 12. Nxd4 Bxd4 13. Qf3 c6 14.
Bxf6 Qxf6 15. Qxf6 gxf6 16. Bb3 d5 17. exd5 c5 18. c3 c4 19. Bxc4 Bc5 20.
Rfe1 Rbd8 21. Re4 h5 22. Rh4 a6 23. Rxh5 b5 24. Bb3 Kg7 25. Re1 Rh8 26. Rxh8
Rxh8 27. Re4 Rh5 28. Kf1 Bd6 29. f3 f5 30. Re2 f4 31. c4 f6 32. a4 b4 33.
Bc2 Bc5 34. b3 Bd6 35. Re4 f5 36. Re2 e4 37. dxe4 fxe4 38. Rxe4 Kf6 39. Re6+
Kg5 40. Rg6+ Kh4 41. Rg4# {Black checkmated} 1-0

[Event "ICC tourney 2825 (30 10)"]
[Site "Internet Chess Club"]
[Date "2022.02.12"]
[Round "2"]
[White "HELLER, JACK G:Maximusiv"]
[Black "RAVAL, MEET:K09-30125723"]
[Result "0-1"]
[ICCResult "White resigns"]
[WhiteElo "1005"]
[BlackElo "1197"]
[Opening "Evans gambit"]
[ECO "C52"]
[NIC "IG.05"]
[Time "14:00:20"]
[PlyCount "78"]
[TimeControl "1800+10"]

1. e4 e5 2. Nf3 Nc6 3. Bc4 Bc5 4. b4 Bxb4 5. c3 Ba5 6. O-O Nge7 7. d4 exd4
8. Qb3 O-O 9. cxd4 Bb6 10. Ng5 Qe8 11. Nxf7 Rxf7 12. Bxf7+ Qxf7 13. Qxf7+
Kxf7 14. d5 Bd4 15. dxc6 Nxc6 16. Bf4 d6 17. Nd2 Bxa1 18. Rxa1 Be6 19. Rb1
b6 20. a3 Ne5 21. Rc1 Rc8 22. Bxe5 dxe5 23. Nf3 c5 24. Nxe5+ Kf6 25. f4 c4
26. g4 g5 27. f5 Kxe5 28. fxe6 Kxe6 29. Kf2 Ke5 30. Ke3 b5 31. Kd2 Kxe4 32.
Re1+ Kf4 33. h3 Rc7 34. Kc3 Rd7 35. a4 Rd3+ 36. Kb4 Rb3+ 37. Kc5 bxa4 38.
Kxc4 Rxh3 39. Ra1 a3 {White resigns} 0-1

[Event "ICC tourney 2825 (30 10)"]
[Site "Internet Chess Club"]
[Date "2022.02.12"]
[Round "2"]
[White "HAMLETT, JAMES MORRISON:Hamlett144"]
[Black "WESLEY, GEORGE:Maglars"]
[Result "1-0"]
[ICCResult "Black checkmated"]
[WhiteElo "1232"]
[BlackElo "1026"]
[Opening "Scandinavian defense"]
[ECO "B01"]
[NIC "SD.03"]
[Time "14:00:28"]
[PlyCount "75"]
[TimeControl "1800+10"]

1. e4 d5 2. exd5 Nf6 3. Nf3 Nxd5 4. Nc3 Nxc3 5. bxc3 Nc6 6. Ba3 g6 7. Bd3
Bg7 8. Qe2 O-O 9. h4 Bg4 10. h5 Bxh5 11. Rxh5 gxh5 12. Ng5 h6 13. Qxh5 Qd5
14. f4 Qxg2 15. O-O-O f5 16. Bc4+ Kh8 17. Nf7+ Kh7 18. Be6 Qg4 19. Bxf5+
Qxf5 20. Qxf5+ Kg8 21. Nxh6+ Bxh6 22. Rg1+ Bg7 23. Qg5 Rf7 24. Bb2 Kf8 25.
Ba3 Ke8 26. Qb5 Rb8 27. d4 a6 28. Qh5 Kf8 29. f5 Kg8 30. Qg6 Rbf8 31. Kd1
Na5 32. Bc1 Rd8 33. Bh6 Rd6 34. Qg5 Rxh6 35. Qxh6 Kf8 36. Qg6 Nc4 37. Qe6 b5
38. Qc8# {Black checkmated} 1-0

[Event "ICC tourney 2825 (30 10)"]
[Site "Internet Chess Club"]
[Date "2022.02.12"]
[Round "2"]
[White "SREEKUMAR MALIEKAL, BALAKRISHNAN:mindgame1234"]
[Black "SHANKAR, NEAL:NealShankar4"]
[Result "0-1"]
[ICCResult "White forfeits on time"]
[WhiteElo "1109"]
[BlackElo "1003"]
[Opening "Danish gambit"]
[ECO "C21"]
[NIC "KP.04"]
[Time "14:00:25"]
[PlyCount "86"]
[TimeControl "1800+10"]

1. e4 e5 2. d4 exd4 3. c3 dxc3 4. Bc4 Nc6 5. Nxc3 Bc5 6. Qh5 Qe7 7. Bg5
Bxf2+ 8. Kf1 Nf6 9. Qxf7+ Qxf7 10. Bxf7+ Kxf7 11. Kxf2 d6 12. Bxf6 gxf6 13.
Nd5 Bd7 14. Nxc7 Rac8 15. Nd5 Nd4 16. Nf3 Rc2+ 17. Ke3 Ne6 18. g3 Rxb2 19.
Rhb1 Rxb1 20. Rxb1 Rb8 21. Nd2 b5 22. Rb4 a5 23. Rb2 Nc5 24. Nf3 b4 25. Nd4
Na6 26. Rf2 a4 27. Rxf6+ Kg7 28. Rxd6 Nc5 29. Nf5+ Kf7 30. Rf6+ Kg8 31.
Nde7+ Kh8 32. Nd5 b3 33. axb3 axb3 34. Nc3 b2 35. Nd4 Na4 36. Nb1 Kg7 37.
Rd6 Be8 38. Nf5+ Kg8 39. Ne7+ Kf8 40. Nc6 Rc8 41. Nd4 Rc1 42. Ne6+ Ke7 43.
Rd8 Rxb1 {White forfeits on time} 0-1

[Event "ICC tourney 2825 (30 10)"]
[Site "Internet Chess Club"]
[Date "2022.02.12"]
[Round "3"]
[White "SUNDARAM, KAVIN:weirdchicken"]
[Black "Maradana, Harsha:K05-30024511"]
[Result "1-0"]
[ICCResult "Black checkmated"]
[WhiteElo "882"]
[BlackElo "395"]
[Opening "Giuoco Piano"]
[ECO "C54"]
[NIC "IG.02"]
[Time "16:00:39"]
[PlyCount "77"]
[TimeControl "1800+10"]

1. e4 e5 2. Nf3 Nc6 3. Bc4 Bc5 4. c3 Nf6 5. d4 exd4 6. cxd4 Bb6 7. Nc3 O-O
8. O-O d6 9. Bg5 h6 10. Bh4 Bg4 11. Qd3 Nb4 12. Qd1 c6 13. a3 Na6 14. Bxa6
bxa6 15. h3 Bxf3 16. Qxf3 Bxd4 17. Rfd1 c5 18. Ne2 Bxb2 19. Rab1 Bxa3 20. e5
Bb4 21. exf6 gxf6 22. Bxf6 Qxf6 23. Qxf6 Rfe8 24. Ng3 Re6 25. Qf4 d5 26.
Rxd5 a5 27. Rd7 Rf8 28. Rxa7 c4 29. Qxc4 h5 30. Nxh5 Rh6 31. Qg4+ Rg6 32.
Nf6+ Kh8 33. Qh5+ Kg7 34. Ra6 Rh6 35. Qg5+ Rg6 36. Nh5+ Kg8 37. Rxg6+ fxg6
38. Qxg6+ Kh8 39. Qg7# {Black checkmated} 1-0